 Dungeon Crawl Stone Soup version 0.25.0-45-g978344163c (webtiles) character file.

Game seed: 9611154049478443128

109 Legioner2108 the Ruffian (level 4, -1/39 HPs)
             Began as a Minotaur Monk on July 11, 2020.
             Was a Believer of Cheibriados.
             Slain by an orc
             ... wielding a +0 trident
              (5 damage)
             ... on level 3 of the Dungeon.
             The game lasted 00:22:54 (2199 turns).

Legioner2108 the Ruffian (Minotaur Monk)            Turns: 2199, Time: 00:22:55

Health: -1/39      AC:  3    Str: 22    XL:     4   Next: 60%
Magic:  2/3        EV: 14    Int: 13    God:    Cheibriados [**....]
Gold:   68         SH:  0    Dex: 19    Spells: 3/3 levels left

rFire    + + .     SeeInvis .   n - -3 war axe (curse)
rCold    x . .     Gourm    .   (no shield)
rNeg     . . .     Faith    .   u - +0 leather armour
rPois    .         Spirit   .   (helmet restricted)
rElec    .         Reflect  .   (no cloak)
rCorr    .         Harm     .   (no gloves)
MR       .....                  (no boots)
Stlth    ++........             (no amulet)
HPRegen  0.13/turn              e - ring of fire
MPRegen  0.08/turn              l - ring of protection from fire (curse)

@: very slow
A: retaliatory headbutt, horns 2
a: Bend Time, Renounce Religion


You were on level 3 of the Dungeon.
You worshipped Cheibriados.
Cheibriados was pleased with you.
You were not hungry.

You visited 1 branch of the dungeon, and saw 3 of its levels.

You collected 68 gold pieces.

Inventory:

Hand Weapons
 f - a +0 dagger
 g - a +0 club
 h - a +0 whip
 n - a cursed -3 war axe (weapon)
 p - a +0 flail
 t - a +1 short sword of venom
Armour
 a - a +0 robe
 d - a +0 leather armour
 j - a +0 robe
 u - a +0 leather armour (worn)
Jewellery
 e - a ring of fire (left hand)
 l - a cursed ring of protection from fire (right hand)
Potions
 i - a potion of brilliance {unknown}
 k - a potion of stabbing {unknown}
 m - 3 potions of berserk rage {unknown}
 o - a potion of haste {unknown}
 q - a potion of flight {unknown}
 r - a potion of cancellation {unknown}
 s - a potion of ambrosia {unknown}
Comestibles
 b - 3 rations


   Skills:
 - Level 3.6 Fighting
 - Level 3.2 Dodging
 - Level 1.5 Stealth
 + Level 6.0 Unarmed Combat


You had 3 spell levels left.
You didn't know any spells.
Your spell library was empty.

Dungeon Overview and Level Annotations

Branches:
Dungeon (3/15)

Altars:
Cheibriados
Kikubaaqudgha


Innate Abilities, Weirdness & Mutations

You reflexively headbutt those who attack you in melee.
You have a pair of horns on your head.


Message History

The orc wizard hits you but does no damage.
The orc wizard casts a spell at you. The magic dart hits you.
The orc wizard barely misses you.
The orc hits you from afar with a +0 trident!
* * * LOW HITPOINT WARNING * * *
The orc wizard closely misses you.
You are too injured to fight recklessly!
The orc wizard gestures at you while chanting.
The magic dart hits you.
* * * LOW HITPOINT WARNING * * *
The orc barely misses you.
The orc wizard hits you but does no damage.
The orc wizard hits you but does no damage.
The orc wizard misses you. You furiously retaliate!
You headbutt the orc wizard.
The orc wizard hits you with a +0 dagger.
* * * LOW HITPOINT WARNING * * *
The orc hits you from afar with a +0 trident.
You die...

######### #.......####
#.......'..#
##############.......##.#######
..............oo.............<.
.....###########@###.#.....####
.....# #.# #.#..#..# .....# #.#
#.#.)#..###### .....#
##.###.#(<((.(..... .....#
#.........######### ######
#.................<
#.........######### #.........#
##.########


You could see an orc wizard (fast) and an orc.

Vanquished Creatures
  An orc wizard (D:3)
  4 adders
  An ooze (D:1)
  A worm (D:2)
  A dart slug (D:1)
  A leopard gecko (D:2)
  An orc (D:3)
  3 bats
  4 goblins
  3 hobgoblins
  4 jackals (D:2)
  A quokka (D:2)
  A ball python (D:3)
  6 frilled lizards
  3 kobolds
  4 rats
39 creatures vanquished.

Notes
Turn   | Place    | Note
-------+----------+-------------------------------------------
     0 | D:1      | Legioner2108 the Minotaur Monk began the quest for the Orb.
     0 | D:1      | Reached XP level 1. HP: 19/19 MP: 0/0
   426 | D:1      | Reached XP level 2. HP: 23/26 MP: 1/1
   438 | D:1      | Reached skill level 4 in Unarmed Combat
   955 | D:2      | Found an ancient bone altar of Kikubaaqudgha.
   962 | D:2      | Found a snail-covered altar of Cheibriados.
   977 | D:2      | Became a worshipper of Cheibriados the Contemplative
   977 | D:2      | Reached * piety under Cheibriados
   977 | D:2      | Reached ** piety under Cheibriados
  1411 | D:2      | Reached XP level 3. HP: 27/31 MP: 2/2
  1571 | D:2      | Reached skill level 5 in Unarmed Combat
  1938 | D:3      | Reached XP level 4. HP: 35/39 MP: 3/3
  2162 | D:3      | Reached skill level 6 in Unarmed Combat
  2199 | D:3      | Slain by an orc

Illustrated notes

Levels and vault maps discovered:
D:1:      dpeg_arrival_fog, layout_basic
D:2:      layout_loops_cross, grunt_temple_overflow_open, first_ration,
          minmay_misc_feat_nine_boxes, chequers_serial_rivers_room_a,
          minivault_14
D:3:      layout_basic

Skill      XL: |  1  2  3  4 |
---------------+-------------+-----
Unarmed Combat | 4 5 6 |  6.0
Fighting       | |  3.6
Dodging        | |  3.2
Stealth        | |  1.5

Action                   |  1- 3 |  4- 6 || total
-------------------------+-------+-------++-------
Melee: Dagger            |    53 |       ||    53
       Unarmed           |     6 |       ||     6
       Headbutt          |    15 |     1 ||    16
       Whip              |    28 |     1 ||    29
       Punch             |     1 |       ||     1
       War axe           |       |     9 ||     9
       Short sword       |       |     2 ||     2
Invok: Bend Time         |       |     1 ||     1
  Use: Scroll            |     5 |     2 ||     7
       Potion            |     1 |     4 ||     5
 Stab: Sleeping          |     1 |       ||     1
  Eat: Ration            |     1 |       ||     1
Armor: Leather armour    |    19 |    13 ||    32
       Robe              |     1 |       ||     1
Dodge: Dodged            |    45 |    39 ||    84
